 Dungeon Crawl Stone Soup version 0.24.0-13-gcf9b319 (webtiles) character file.

Game seed: 1150637427104042414, levelgen mode: deterministic

154 Bronimir the Grasshopper (level 5, 0/42 HPs)
             Began as a Centaur Warper on Mar 30, 2020.
             Was a Follower of Makhleb.
             Slain by a vampire bat (2 damage)
             ... on level 3 of the Dungeon.
             The game lasted 00:04:54 (2498 turns).

Bronimir the Grasshopper (Centaur Warper)           Turns: 2498, Time: 00:04:54

Health: 0/42       AC:  4    Str: 15    XL:     5   Next: 13%
Magic:  1/7        EV:  9    Int: 12    God:    Makhleb [*.....]
Gold:   157        SH:  0    Dex:  8    Spells: 3/7 levels left

rFire    . . .     SeeInvis .   b - +2 hunting sling (freeze)
rCold    . . .     Gourm    .   (no shield)
rNeg     . . .     Faith    .   n - +0 leather armour
rPois    .         Spirit   .   (no helmet)
rElec    .         Reflect  .   (no cloak)
rCorr    .         Harm     .   (no gloves)
MR       .....                  (no barding)
Stlth    ..........             (no amulet)
HPRegen  0.14/turn              (no ring)
MPRegen  0.10/turn              (no ring)

@: shrouded, very slightly contaminated, very quick
A: large, hooves 3, deformed body, speed 2, tough skin 3
a: Renounce Religion


You were on level 3 of the Dungeon.
You worshipped Makhleb.
Makhleb was aware of your devotion.
You were very hungry.

You visited 1 branch of the dungeon, and saw 3 of its levels.

You collected 157 gold pieces.

Inventory:

Hand Weapons
 a - a +0 spear
 b - a +2 hunting sling of freezing (weapon)
 w - a +0 quarterstaff
Missiles
 c - 39 stones (quivered)
 e - 5 boomerangs of dispersal
 l - 20 arrows
 m - 2 boomerangs
 v - 18 bolts
Armour
 h - a +0 ring mail
 n - a +0 leather armour (worn)
Scrolls
 g - 2 scrolls of random uselessness {unknown}
 i - a scroll of amnesia {unknown}
 j - 2 scrolls of identify {unknown}
 k - 2 scrolls of remove curse {unknown}
 p - a scroll of noise {unknown}
 s - a scroll of fear {unknown}
 u - 2 scrolls of teleportation {unknown}
 y - 2 scrolls of immolation {unknown}
Potions
 o - 2 potions of curing
 t - a potion of ambrosia {unknown}
 x - a potion of heal wounds {unknown}
 z - a potion of berserk rage {unknown}
 A - a potion of magic {unknown}
Comestibles
 f - 7 rations


   Skills:
 + Level 2.3 Fighting
 * Level 2.7 Polearms
 + Level 2.6(2.8) Slings
 + Level 1.2(2.1) Throwing
 * Level 1.2 Armour
 * Level 1.9 Dodging
 + Level 1.9 Spellcasting
 * Level 2.8 Translocations
 * Level 0.7 Invocations


You had 3 spell levels left.
You knew the following spells:

 Your Spells              Type           Power        Failure   Level  Hunger
a - Blink                 Tloc           N/A          16%         2    ###....
b - Shroud of Golubria    Chrm/Tloc      #.....       28%         2    ###....

Your spell library contained the following spells:

 Spells                   Type           Power        Failure   Level  Hunger
 Gell's Gravitas          Tloc           #.........   30%         3    ####...
 Lesser Beckoning         Tloc           #.........   30%         3    ####...
 Teleport Other           Tloc           #.......     30%         3    ####...
 Passage of Golubria      Tloc           N/A          71%         4    #####..


Dungeon Overview and Level Annotations

Branches:
Dungeon (3/15)

Altars:
Makhleb
Okawaru
Zin
The Shining One


Innate Abilities, Weirdness & Mutations

You have hooves in place of feet.
Armour fits poorly on your strangely shaped body.
You cover ground very quickly.
You have extremely tough skin. (AC +3)


Message History

You aren't carrying any items that you can evoke without wielding.
Cast which spell? (? or * to list)
Okay, then.
Cast which spell? (? or * to list)
You blink.
The fire bat bites you but does no damage.
The vampire bat bites you but does no damage.
Casting: Blink (safe; 16% risk of failure)
Confirm with . or Enter, or press ? or * to list all spells.
You miscast Shroud of Golubria.
You are very lightly contaminated with residual magic.
Your hands glow momentarily.
You are feeling very hungry.
The fire bat misses you. The fire bat completely misses you.
The vampire bat closely misses you.
Casting: Shroud of Golubria (safe; 28% risk of failure)
Confirm with . or Enter, or press ? or * to list all spells.
Space distorts slightly along a thin shroud covering your body.
The vampire bat bites you.
You die...

##..#######.# #..## #..##(# #
#.#######†.(# ############
#.##..†#.†(## ...........#
#.#####.##†#
##########.##########(#
##.###.## ......#
#............# #..†###(#
#####<######........#####..##
#g(
.....#.......#.b@b<....#####
##. ###.###.###..#......####
#( ...## ##.##.........# .#
..## #.##.####...# b# .#.##
#.###.####.[.# .# ....###.
#........# .. ...#.#.
...####.#.# #. ....#.#
.##...#.## # ....#.# #
#.###..# ###


You could see a fire bat and a vampire bat.

Vanquished Creatures
  2 adders
  An ooze (D:1)
  A worm (D:2)
  3 dart slugs
  A leopard gecko (D:1)
  11 bats
  2 bat skeletons (D:3)
  A bat zombie (D:3)
  2 giant cockroaches (D:2)
  5 goblins
  2 hobgoblins (D:3)
  7 jackals
  A quokka (D:3)
  2 ball pythons
  5 frilled lizards
  10 kobolds
  9 rats
65 creatures vanquished.

Notes
Turn   | Place    | Note
-------+----------+-------------------------------------------
     0 | D:1      | Bronimir the Centaur Warper began the quest for the Orb.
     0 | D:1      | Reached XP level 1. HP: 17/17 MP: 3/3
   224 | D:1      | Reached XP level 2. HP: 17/24 MP: 4/4
   703 | D:1      | Learned a level 2 spell: Blink
   706 | D:1      | Learned a level 2 spell: Shroud of Golubria
  1115 | D:2      | Reached XP level 3. HP: 24/29 MP: 5/5
  1214 | D:2      | Reached skill level 1 in Armour
  1384 | D:2      | Reached skill level 1 in Slings
  1537 | D:2      | Found a burning altar of Makhleb.
  1537 | D:2      | Noticed a balrug
  1540 | D:2      | Noticed a neqoxec
  1540 | D:2      | Noticed a hellwing
  1542 | D:2      | Became a worshipper of Makhleb the Destroyer
  1955 | D:3      | Found a glowing golden altar of the Shining One.
  1959 | D:3      | Reached XP level 4. HP: 36/36 MP: 6/6
  2059 | D:3      | Found a glowing silver altar of Zin.
  2185 | D:3      | Found an iron altar of Okawaru.
  2436 | D:3      | Reached XP level 5. HP: 40/42 MP: 7/7
  2476 | D:3      | Reached * piety under Makhleb
  2495 | D:3      | HP: 2/42 [fire bat (1)]
  2498 | D:3      | Slain by a vampire bat

Levels and vault maps discovered:
D:1:      evilmike_arrival_rings, layout_basic, minmay_misc_feat_square
D:2:      layout_loops_ring, makhleb_altar_promises_db
D:3:      layout_loops_ring, zin_statuary, tso_metal_star, okawaru_gym_becter,
          roderic_roman_lattice, goddamned_bats

Skill      XL: |  1  2  3  4 |
---------------+-------------+-----
Polearms       | 2 |  2.7
Armour         | 1 |  1.2
Slings         | 1 2 |  2.6
Fighting       | |  2.3
Throwing       | |  1.2
Dodging        | |  1.9
Spellcasting   | |  1.9
Translocations | |  2.8
Invocations    | |  0.7

Action                   |  1- 3 |  4- 6 || total
-------------------------+-------+-------++-------
Melee: Spear             |    31 |       ||    31
       Kick              |     4 |       ||     4
 Fire: Hunting sling     |    75 |    87 ||   162
 Cast: Blink             |       |     1 ||     1
       Shroud of Golubri |       |     1 ||     1
  Use: Potion            |       |     3 ||     3
       Scroll            |       |     1 ||     1
  Eat: Chunk             |     2 |       ||     2
Armor: Leather armour    |    14 |    40 ||    54
Dodge: Dodged            |    22 |    49 ||    71
